 Dungeon Crawl Stone Soup version 0.17-a0-2030-g9ce824c (webtiles) character file.

93 Adamkad1 the Cudgeler (level 4, 0/49 HPs)
             Began as an Ogre Berserker on Oct 10, 2015.
             Was a Believer of Trog.
             Slain by an adder (5 damage)
             ... on level 3 of the Dungeon.
             The game lasted 00:09:39 (2217 turns).

Adamkad1 the Cudgeler (Ogre Berserker)              Turns: 2217, Time: 00:09:39

Health: 0/49       AC:  3    Str: 23      XL:     4   Next: 61%
Magic:  4/4        EV: 10    Int:  6      God:    Trog [**....]
Gold:   111        SH:  0    Dex:  7 (9)  Spells: 0 memorised, 3 levels left

rFire  . . .     SeeInvis .     a - +0 mace
rCold  + . .     Clarity  .     b - +0 animal skin
rNeg   . . .     SustAt   .     (no shield)
rPois  .         Gourm    .     (helmet restricted)
rElec  .         Spirit   .     (no cloak)
rCorr  .         Warding  .     (gloves unavailable)
rMut   .         Stasis   .     (boots unavailable)
MR     .....                    k - amulet of inaccuracy (curse)
Stlth  ++........               f - ring of stealth
                                e - ring of protection from cold

@: lethally poisoned (0 -> -7), not resistant to hostile enchantments,
unstealthy
A: unfitting armour, tough skin 1
a: Burn Spellbooks, Berserk, Trog's Hand, Renounce Religion


You were on level 3 of the Dungeon.
You worshipped Trog.
Trog was pleased with you.
You were very hungry.

You visited 1 branch of the dungeon, and saw 3 of its levels.

You collected 111 gold pieces.

Inventory:

Hand Weapons
 a - a +0 mace (weapon)
Armour
 b - a +0 animal skin (worn)
Jewellery
 e - a ring of protection from cold (left hand)
 f - a ring of stealth (right hand)
 k - a cursed amulet of inaccuracy (around neck)
Scrolls
 g - 2 scrolls of identify
 h - a scroll of teleportation
 i - a scroll of immolation {unknown}
 m - 2 scrolls of fear
 u - a scroll of enchant weapon {unknown}
Comestibles
 c - 5 bread rations
 d - 2 meat rations
 j - a chunk of flesh
 l - a slice of pizza
 p - 2 beef jerkies


   Skills:
 + Level 4.8 Fighting
 + Level 5.2 Maces & Flails
 + Level 3.5 Dodging
 + Level 0.6 Stealth


You had 3 spell levels left.
You didn't know any spells.

Dungeon Overview and Level Annotations

Branches:
Dungeon (3/15)

Altars:
Ru
Sif Muna
Trog
Yredelemnul


Innate Abilities, Weirdness & Mutations

You are too large for most types of armour.
You have tough skin (AC +1).


Message History

You completely miss the adder.
The adder is severely wounded.
* * * LOW HITPOINT WARNING * * *
You feel sick. The adder closely misses you. The adder completely misses you.
You closely miss the adder.
The adder is severely wounded.
* * * LOW HITPOINT WARNING * * *
You feel sick. The adder bites you but does no damage.
Unknown command.
You hit the adder.
The adder is almost dead.
* * * LOW HITPOINT WARNING * * *
You feel sick. The adder bites you.
* * * LOW HITPOINT WARNING * * *
The adder bites you but does no damage.
You completely miss the adder.
The adder is almost dead.
* * * LOW HITPOINT WARNING * * *
You feel sick. The adder bites you.
You die...

##.#..≈≈≈..#....
##.#..≈...≈..#..
#.#...≈._.≈..
##.#..≈...≈..
##.#..≈≈≈..#
##.#######.
##÷......#
#.####### #@#
##S# #..# #.##
#.(# #.## .. #.#
..


You could see an adder.

Vanquished Creatures
  3 adders
  2 oozes
  A worm (D:2)
  4 bats
  3 giant cockroaches (D:2)
  5 goblins
  11 hobgoblins
  3 jackals (D:1)
  3 kobolds
  A quokka (D:2)
  2 ball pythons (D:1)
  4 giant newts
  10 rats
52 creatures vanquished.

Notes
Turn   | Place    | Note
--------------------------------------------------------------
     0 | D:1      | Adamkad1 the Ogre Berserker began the quest for the Orb.
     0 | D:1      | Reached XP level 1. HP: 24/24 MP: 1/1
   364 | D:1      | Reached XP level 2. HP: 29/32 MP: 2/2
   870 | D:1      | Reached XP level 3. HP: 36/40 MP: 3/3
  1260 | D:2      | Acquired Trog's second power
  1349 | D:2      | Found a deep blue altar of Sif Muna.
  1510 | D:2      | Reached skill level 5 in Maces & Flails
  1510 | D:2      | Reached XP level 4. HP: 34/49 MP: 4/4
  1696 | D:2      | Found a basalt altar of Yredelemnul.
  2029 | D:2      | Found a sacrificial altar of Ru.
  2029 | D:2      | Found a bloodstained altar of Trog.
  2175 | D:3      | Found a sacrificial altar of Ru.
  2217 | D:3      | Slain by an adder

Vault maps used:
D:1:      noname_arrival_rooms_in_the_neighbourhood
D:2:      nicolae_overflow_hidden_temple, gammafunk_temple_overflow_statue,
          old_standard_altar, st_stairs_11
D:3:      nicolae_ru_awakened_eye

Action                   |  1- 3 |  4- 6 || total
-------------------------+-------+-------++-------
Melee: Mace              |   119 |    67 ||   186
  Use: Scroll            |     2 |     6 ||     8
       Potion            |       |     8 ||     8
 Stab: Sleeping          |     1 |     2 ||     3
  Eat: Chunk             |     2 |     1 ||     3
